 Dungeon Crawl Stone Soup version 0.31.0-4-g52a2dc7128 (webtiles) character file.

Game seed: 15600313939077255756

2076 Kenran the Grappler (level 9, -2/127 HPs)
             Began as a Troll Monk on Jan 22, 2024.
             Was an Elder of Cheibriados.
             Slain by an orc warlord
             ... wielding a +6 broad axe
              (18 damage)
             ... in a bailey.
             The game lasted 00:10:45 (5010 turns).

Kenran the Grappler (Troll Monk)                    Turns: 5010, Time: 00:10:45

Health: -2/127     AC:  8    Str: 33    XL:     9   Next: 6%
Magic:  9/9        EV: 13    Int: 16    God:    Cheibriados [****..]
Gold:   317        SH:  0    Dex: 27    Spells: 8/8 levels left

rFire   . .          .
                       - Unarmed
rCold   + . .        c - orb {light}
rNeg    . . .        u - +4 robe "Bixt" {Dex+3 Stlth+}
rPois   .            (helmet restricted)
rElec   .            k - scarf {repulsion}
rCorr   .            (gloves unavailable)
SInv    .            (boots unavailable)
Will    .....        e - amulet of faith {!P} Stlth
                     g - ring of protection from cold
HPRegen 1.21/turn    (no ring)
MPRegen 0.11/turn

%: repel missiles, faith
@: berserking, glowing, very slow
A: large, unfitting armour, claws 3, regeneration 1, shaggy fur 1, tough skin 1
a: Renounce Religion, Bend Time, Temporal Distortion, Slouch


You were in a bailey.
You worshipped Cheibriados.
Cheibriados was greatly pleased with you.
You visited 2 branches of the dungeon, and saw 8 of its levels.
You also visited: Bailey.

You collected 447 gold pieces.
You spent 130 gold pieces at shops.

Inventory:

Missiles
 h - 17 poisoned darts
 j - 103 stones (quivered)
 n - 6 curare-tipped darts
 B - 17 boomerangs
Armour
 c - an orb of light (worn)
 k - a scarf of repulsion (worn)
 u - the +4 robe "Bixt" (worn) {Dex+3 Stlth+}
   (You found it on level 6 of the Dungeon)

   Dex+3:     It affects your dexterity (+3).
   Stlth+:    It makes you more stealthy.
Jewellery
 e - an amulet of faith (around neck) {!P}
 g - a ring of protection from cold (left claw)
Wands
 y - a wand of iceblast (2)
 A - a wand of flame (3)
Scrolls
 a - a scroll of immolation {unknown}
 d - 2 scrolls of blinking
 f - 2 scrolls of enchant armour
 i - 6 scrolls of teleportation {unknown}
 q - 2 scrolls of revelation {unknown}
 s - 3 scrolls of fear {unknown}
 t - a scroll of torment {unknown}
 z - 3 scrolls of fog {unknown}
 E - a scroll of acquirement
Potions
 b - a potion of ambrosia
 l - 2 potions of attraction {unknown}
 m - 3 potions of enlightenment
 o - 2 potions of lignification {unknown}
 p - a potion of magic {unknown}
 r - 4 potions of heal wounds {@q2}
 v - 2 potions of curing {@q1}
 x - 3 potions of haste {unknown}
 C - a potion of brilliance {unknown}
 D - a potion of cancellation {unknown}


   Skills:
 + Level 4.6 Fighting
 - Level 4.0 Dodging
 - Level 10.0 Unarmed Combat
 - Level 2.0 Invocations
 - Level 2.0 Evocations


You had 8 spell levels left.
You didn't know any spells.
Your spell library contained the following spells:

 Spells                   Type           Power      Damage    Failure   Level
 Ensorcelled Hibernation  Hex/Ice        0%         N/A       36%         2
 Sublimation of Blood     Necr           0%         N/A       36%         2
 Call Canine Familiar     Summ           0%         N/A       58%         3
 Fugue of the Fallen      Necr           0%         N/A       58%         3
 Ozocubu's Armour         Ice            0%         N/A       58%         3
 Sigil of Binding         Hex            0%         N/A       58%         3
 Anguish                  Hex/Necr       0%         N/A       94%         4
 Dimensional Bullseye     Hex/Tloc       0%         N/A       94%         4
 Manifold Assault         Tloc           0%         N/A       94%         4
 Petrify                  Alch/Erth      0%         N/A       94%         4
 Irradiate                Conj/Alch      0%         3d11      100%        5


Dungeon Overview and Level Annotations

Branches:
Dungeon (7/15)             Temple (1/1) D:4          Bailey (1/1)

Altars:
Ashenzari
Cheibriados
Fedhas
Gozag
Nemelex Xobeh
Ru
Sif Muna
Uskayaw
Vehumet
Wu Jian
Yredelemnul
Zin
The Shining One

Shops:
D:3 :   D:4 !

Annotations:
D:4 2 transporters


Innate Abilities, Weirdness & Mutations

You are too large for most types of armour.
You have claws for hands.
Your natural rate of healing is unusually fast.
You are covered in fur. (AC +1)
You have tough skin. (AC +1)


Message History

There is an open door here.
There is an open door here.
The orc warlord shouts!
Things that are here:
a +0 battleaxe; a +0 scale mail Could not explore, unopened runed door.
Okay, then.
Okay, then.
You open the gate.
A red film seems to cover your vision as you go berserk!
Cheibriados forces you to slow down.
You feel mighty!
The orc warlord hits you with a +6 broad axe!!
You mangle the orc warlord!!
The orc warlord is moderately wounded.
The orc warlord completely misses you.
You claw the orc warlord!
The orc warlord is moderately wounded.
The orc warlord hits you with a +6 broad axe!!
You are too injured to fight recklessly!
You mangle the orc warlord!!
The orc warlord is heavily wounded.
You mangle the orc warlord!!
The orc warlord is severely wounded.
The orc warlord hits you with a +6 broad axe!
You scratch the orc warlord.
The orc warlord is severely wounded.
The orc warlord hits you with a +6 broad axe!!
* * * LOW HITPOINT WARNING * * *
You scratch the orc warlord.
The orc warlord is almost dead.
The orc warlord closely misses you.
You claw the orc warlord!
The orc warlord is almost dead.
The orc warlord hits you with a +6 broad axe!!
* * * LOW HITPOINT WARNING * * *
You scratch the orc warlord.
The orc warlord is almost dead.
The orc warlord hits you with a +6 broad axe!!
You die...

≣..........))...)'....8
≣...8).....≣≣≣≣≣≣≣≣≣...
≣≣.....÷≣≣≣≣~~~≣~~~≣≣..
≣≣....)≣~~≣~.....}~≣.÷
≣≣..).≣~........!~≣..
≣...≣≣~8.8...8.8≣≣..
≣.).'~~.........≣...
≣.).'~~....∩....≣...
≣..@o~~.........≣...
≣..)≣≣~8.8...8.8≣≣..
≣≣....≣~........?~≣..
≣≣.....≣~~≣~.....=~≣..
≣≣..)...≣≣≣≣~~~≣~~~≣≣..
≣...8......≣≣≣≣≣≣≣≣≣...
≣..........'.....'....8
≣..........≣~~~~~≣.....
≣≣..8..8...≣~~~~~≣.....


You could see an orc warlord.

Vanquished Creatures
  Grinder (D:3)
  A water moccasin (D:5)
  An acid dragon (D:7)
  3 orc warriors (Bailey)
  2 sky beasts
  A black bear (D:6)
  2 kobold brigands (D:3)
  3 phantoms
  3 scorpions
  A bombardier beetle (D:3)
  A jelly (D:3)
  2 hounds (D:5)
  An orc priest (D:5)
  Jessica (D:2)
  An iguana (D:6)
  3 sleepcaps
  Ijyb (D:4)
  An orc wizard (D:5)
  4 gnolls (D:6)
  3 adders
  4 ufetubi (D:5)
  2 dart slugs
  5 ribbon worms
  13 orcs
  4 bats
  9 endoplasms
  A giant cockroach (D:2)
  13 goblins
  15 hobgoblins
  6 jackals
  21 kobolds
  5 quokkas
  5 ball pythons
  5 frilled lizards
  2 rats (D:1)
146 creatures vanquished.

Vanquished Creatures (others)
  A jelly (D:6)
1 creature vanquished.

Grand Total: 147 creatures vanquished

Notes
Turn   | Place    | Note
-------+----------+-------------------------------------------
     0 | D:1      | Kenran the Troll Monk began the quest for the Orb.
     0 | D:1      | Reached XP level 1. HP: 22/22 MP: 0/0
   347 | D:1      | Reached XP level 2. HP: 29/29 MP: 1/1
   511 | D:1      | Reached skill level 4 in Unarmed Combat
  1095 | D:2      | Reached XP level 3. HP: 36/36 MP: 2/2
  1102 | D:2      | Found a sacrificial altar of Ru.
  1218 | D:2      | Found a faded altar of an unknown god.
  1236 | D:2      | Noticed Jessica
  1242 | D:2      | Killed Jessica
  1308 | D:2      | Reached XP level 4. HP: 44/44 MP: 3/3
  1349 | D:2      | Reached skill level 5 in Unarmed Combat
  2142 | D:3      | Reached XP level 5. HP: 50/50 MP: 4/4
  2177 | D:3      | Reached skill level 6 in Unarmed Combat
  2339 | D:3      | Reached skill level 7 in Unarmed Combat
  2339 | D:3      | Reached XP level 6. HP: 36/56 MP: 5/5
  2392 | D:3      | Noticed Grinder
  2395 | D:3      | Paralysed by Grinder for 3 turns
  2406 | D:3      | Killed Grinder
  2407 | D:3      | Reached skill level 8 in Unarmed Combat
  2407 | D:3      | Reached XP level 7. HP: 42/66 MP: 6/6
  2443 | D:3      | Found Orhuquiv's Book Boutique.
  2828 | D:4      | Found a staircase to the Ecumenical Temple.
  2875 | Temple   | Entered the Ecumenical Temple
  2882 | Temple   | Became a worshipper of Cheibriados the Contemplative
  2882 | Temple   | Reached * piety under Cheibriados
  2882 | Temple   | Reached ** piety under Cheibriados
  2912 | D:4      | Found a transporter.
  2924 | D:4      | Found a transporter.
  3062 | D:4      | Found Nes Azet's Distillery.
  3100 | D:4      | Bought a potion of curing for 30 gold pieces
  3100 | D:4      | Bought a potion of heal wounds for 50 gold pieces
  3100 | D:4      | Bought a potion of berserk rage for 50 gold pieces
  3220 | D:4      | Noticed Ijyb
  3224 | D:4      | Killed Ijyb
  3340 | D:5      | Entered Level 5 of the Dungeon
  3532 | D:5      | Reached skill level 1 in Invocations
  3735 | D:5      | Reached skill level 1 in Evocations
  3735 | D:5      | Reached XP level 8. HP: 78/78 MP: 6/8
  3888 | D:6      | Found a sparkling altar of Nemelex Xobeh.
  3974 | D:6      | Reached *** piety under Cheibriados
  3984 | D:6      | Identified the +4 robe "Bixt" {Dex+3 Stlth+}
  4135 | D:6      | Found a glowing golden altar of the Shining One.
  4138 | D:6      | Noticed an angel
  4446 | D:6      | Found a basalt altar of Yredelemnul.
  4448 | D:6      | Noticed a profane servitor
  4480 | D:7      | Reached skill level 9 in Unarmed Combat
  4670 | D:7      | Found a flagged portal.
  4684 | Bailey   | Entered a bailey
  4703 | Bailey   | Noticed an orc warlord
  4713 | Bailey   | Reached **** piety under Cheibriados
  4789 | Bailey   | Reached skill level 10 in Unarmed Combat
  4799 | Bailey   | Found a runed translucent gate.
  4799 | Bailey   | Found a runed translucent gate.
  4799 | Bailey   | Found a runed translucent gate.
  4834 | Bailey   | Reached XP level 9. HP: 83/85 MP: 9/9
  5010 | Bailey   | Slain by an orc warlord

Illustrated notes

Levels and vault maps discovered:
D:1:      dpeg_arrival_radiant, layout_loops_ring, nrook_mini_backslash,
          kennysheep_flooded_box, minmay_ruptured
D:2:      layout_loops_corners, hellmonk_ecumenical_altar_prayer_group,
          basic_altar, uniq_jessica
D:3:      cheibrodos_thug_alley, layout_basic, serial_shops, shop,
          kennysheep_generic_room_5, uniq_grinder
D:4:      gammafunk_steamed_eel, layout_basic, minmay_temple_entry_mini_moons,
          serial_shops, nicolae_shop_window_shopping, uniq_ijyb
D:5:      layout_rooms
D:6:      layout_basic, grunt_temple_overflow_holy_war,
          nemelex_diamond_rough_becter
D:7:      layout_basic, nicolae_dithmenos_shadow_blocks, jmf_multi_god_temple,
          elyvilon_altar_5, gammafunk_temple_overflow_pools, enter_bailey_3
Temple:   compressed_dpeg_triangle_lava_temple
Bailey:   bailey_axe_bossmonster_kennysheep, bailey

Skill      XL: |  1  2  3  4  5  6  7  8 |
---------------+-------------------------+-----
Unarmed Combat | 4 5 7 8 10 | 10.0
Fighting       | 4 |  4.6
Invocations    | 1 2 |  2.0
Dodging        | 3 4 |  4.0
Evocations     | 1 2 |  2.0

Action                     |  1- 3 |  4- 6 |  7- 9 || total
---------------------------+-------+-------+-------++-------
  Melee: Unarmed           |    47 |    79 |   172 ||   298
  Throw: Dart              |       |     5 |     1 ||     6
    Use: Scroll            |       |     2 |     2 ||     4
         Potion            |       |       |     1 ||     1
 Armour: Robe              |    11 |    39 |   102 ||   152
  Dodge: Dodged            |    19 |    26 |    99 ||   144
         Repelled          |       |     2 |       ||     2
